 Dungeon Crawl Stone Soup version 0.27-a0-660-g90476cec82 (webtiles) character file.

Game seed: 2479045457306960672

272 robertstho the Firebug (level 5, -6/38 HPs)
             Began as a Demigod Fire Elementalist on Mar 16, 2021.
             Mangled by an orc
             ... wielding a +0 trident
              (7 damage)
             ... on level 3 of the Dungeon.
             The game lasted 00:03:45 (2426 turns).

robertstho the Firebug (Demigod Fire Elementalist)  Turns: 2426, Time: 00:03:46

Health: -6/38      AC:  2    Str:  9    XL:     5   Next: 71%
Magic:  1/13       EV: 12    Int: 21    God:
Gold:   126        SH:  0    Dex: 14    Spells: 9/10 levels left

rFire    . . .     SeeInvis .   f - +0 short sword
rCold    . . .     Faith    .   (no shield)
rNeg     . . .     Spirit   .   a - +0 robe
rPois    .         Reflect  .   (no helmet)
rElec    .         Harm     .   (no cloak)
rCorr    .         Rampage  .   (no gloves)
Will     .....                  (no boots)
Stlth    ++........             (no amulet)
HPRegen  0.12/turn              (no ring)
MPRegen  0.13/turn              (no ring)

@: very slightly contaminated
A: high mp 1, forlorn
a: no special abilities


You were on level 3 of the Dungeon.
You visited 1 branch of the dungeon, and saw 3 of its levels.

You collected 126 gold pieces.

Inventory:

Hand Weapons
 f - a +0 short sword (weapon)
Armour
 a - a +0 robe (worn)
Scrolls
 e - a scroll of teleportation {unknown}
 j - 2 scrolls of identify
 k - a scroll of enchant armour {unknown}
 m - a scroll of fear {unknown}
Potions
 b - a potion of brilliance {unknown}
 c - a potion of resistance {unknown}
 d - a potion of flight {unknown}
 g - 3 potions of curing
 h - a potion of lignification {unknown}
 i - a potion of attraction {unknown}
 l - a potion of mutation {unknown}


   Skills:
 + Level 0.1 Fighting
 + Level 1.8 Dodging
 + Level 1.9 Stealth
 * Level 3.4 Spellcasting
 * Level 2.6 Conjurations
 * Level 4.3 Fire Magic


You had 9 spell levels left.
You knew the following spells:

 Your Spells              Type           Power      Damage    Failure   Level
a - Foxfire               Conj/Fire      72%        2x1d7     3%          1

Your spell library contained the following spells:

 Spells                   Type           Power      Damage    Failure   Level
 Conjure Flame            Conj/Fire      18%        6-21      10%         3
 Inner Flame              Hex/Fire       12%        N/A       16%         3
 Sticky Flame             Conj/Fire      18%        2d4       30%         4
 Fireball                 Conj/Fire      9%         3d6       65%         5


Dungeon Overview and Level Annotations

Branches:
Dungeon (3/15)


Innate Abilities, Weirdness & Mutations

Your attributes grow dramatically as you level up.
You have an increased reservoir of magic. (+10% MP)
You shall have no god before yourself.


Message History

You conjure some foxfire!
The foxfire hits the bat.
You kill the bat!
The foxfire hits the iguana but does no damage.
The iguana is severely wounded.
Unknown command.
Casting: Foxfire (safe; 3% risk of failure)
Confirm with . or Enter, or press ? or * to list all spells.
You conjure some foxfire!
The orc priest begins to cast a cantrip, but forgets the words!
The iguana bites you.
Unknown command.
Casting: Foxfire (safe; 3% risk of failure)
Confirm with . or Enter, or press ? or * to list all spells.
You conjure some foxfire!
The foxfire hits the iguana but does no damage.
The iguana is severely wounded.
The foxfire hits the iguana.
The iguana is severely wounded.
The foxfire hits the iguana.
The iguana is almost dead.
The iguana bites you!
* * * LOW HITPOINT WARNING * * *
Casting: Foxfire (safe; 3% risk of failure)
Confirm with . or Enter, or press ? or * to list all spells.
You conjure some foxfire!
The foxfire hits the orc priest!
The orc priest is almost dead.
The foxfire hits the iguana but does no damage.
The iguana is almost dead.
The foxfire hits the orc priest.
You kill the orc priest!
The iguana bites you!
* * * LOW HITPOINT WARNING * * *
Unknown command.
Casting: Foxfire (safe; 3% risk of failure)
Confirm with . or Enter, or press ? or * to list all spells.
You conjure some foxfire!
The foxfire hits the iguana but does no damage.
The iguana is almost dead.
The orc hits you from afar with a +0 trident!
You die...

###.#..
##... ...
#........
.....w...
#..#... .
#..o. ...
#.v#....#
#@v).....
#...l).....#
##.#.#..####
#.#.#.... #
#.. .....
### .....
.... ?...


You could see a worm, an iguana (ally target) and an orc (ally target).

Vanquished Creatures
  Sigmund (D:2)
  An orc priest (D:3)
  4 adders (D:2)
  3 dart slugs (D:1)
  A leopard gecko (D:2)
  9 goblins
  10 hobgoblins
  A ball python (D:2)
  5 bats
  5 frilled lizards
  4 kobolds
  3 rats
47 creatures vanquished.

Vanquished Creatures (others)
  194 foxfires
194 creatures vanquished.

Grand Total: 241 creatures vanquished

Notes
Turn   | Place    | Note
-------+----------+-------------------------------------------
     0 | D:1      | robertstho the Demigod Fire Elementalist began the quest
                  | for the Orb.
     0 | D:1      | Reached XP level 1. HP: 14/14 MP: 5/5
   127 | D:1      | Reached skill level 1 in Conjurations
   209 | D:1      | Reached skill level 3 in Fire Magic
   269 | D:1      | Reached XP level 2. HP: 19/20 MP: 0/7
  1221 | D:2      | Noticed Sigmund
  1236 | D:2      | Killed Sigmund
  1237 | D:2      | Reached skill level 4 in Fire Magic
  1237 | D:2      | Reached XP level 3. HP: 21/26 MP: 0/10
  1237 | D:2      | Reached XP level 4. HP: 27/33 MP: 0/11
  1237 | D:2      | Reached XP level 5. HP: 31/38 MP: 0/12
  2425 | D:3      | HP: 1/38 [iguana (10)]
  2426 | D:3      | Mangled by an orc

Illustrated notes

Levels and vault maps discovered:
D:1:      minmay_arrival_stone_box, layout_rooms, corexii_leaking_fountain,
          st_stairs_11
D:2:      layout_loops_corners, uniq_sigmund
D:3:      layout_loops_cross, uniq_grinder

Skill      XL: |  1  2 |
---------------+-------+-----
Conjurations   | 1 2 |  2.6
Fire Magic     | 3 4 |  4.3
Spellcasting   | 3 |  3.4
Fighting       | |  0.1
Dodging        | |  1.8
Stealth        | |  1.9

Action                   |  1- 3 |  4- 6 || total
-------------------------+-------+-------++-------
Melee: Short sword       |     6 |     3 ||     9
 Cast: Foxfire           |    66 |    58 ||   124
  Use: Scroll            |     3 |       ||     3
Armor: Robe              |     6 |       ||     6
Dodge: Dodged            |    13 |     5 ||    18

Table legend: (Time is in decaauts)
 A = Elapsed time spent in this place.
 B = Non-inter-level travel time spent in this place.
 C = Inter-level travel time spent in this place.
 D = Time resting spent in this place.
 E = Time spent auto-exploring this place.
 F = Levels seen in this place.
 G = Mean time per level.
                   A        B        C        D        E       F      G
               +--------+--------+--------+--------+--------+-----+--------+
         Total |   2425 |   2390 |     35 |    112 |   1947 |   3 |  808.3 |
       Dungeon |   2425 |   2390 |     35 |    112 |   1947 |   3 |  808.3 |
               +--------+--------+--------+--------+--------+-----+--------+

Top non-repeatable levels by time:
     D:2: 1395 daAuts
     D:1: 1019 daAuts
     D:3: 11 daAuts
